Map: 아이스 앤 크롬 - 래더

Players

Patience - Winner!

  • Race: Protoss Protoss
  • League: Master
  • Spawn Location: 7:00

SuperNova

  • Race: Terran Terran
  • League: Grandmaster
  • Spawn Location: 1:00

VOD

Have the link to the VOD?

Description

Time

  • Played on: July 14, 2020, 6:59 a.m.
  • Length: 12:35
Show
View Real Time Build Order
Export as new Build Order

Patience Protoss - Winner!

Build Orders: 1 Gate Expand, Oracle Opening 

Get SALT Encoding   

  12  0:00  Probe  
  13  0:13  Probe  
  14  0:19  Pylon  
  14  0:24  Probe  
  15  0:33  Probe  
  15  0:37  Gateway  
  15  0:41  Probe  
  15  0:42  Assimilator  
  17  0:53  Probe  
  18  1:05  Probe  
  19  1:17  Probe  
  20  1:24  Nexus  
  20  1:32  Cybernetics Core  
  20  1:34  Probe  
  21  1:42  Assimilator  
  21  1:44  Assimilator  
  21  1:48  Probe  
  22  1:57  Pylon  
  22  2:00  Probe  
  23  2:06  Adept  
  23  2:15  Probe  
  25  2:25  Stargate  
  25  2:28  Probe  
  26  2:32  Warp Gate  
  26  2:37  Probe  
  27  2:39  Probe  
  27  2:41  Adept  
  30  2:45  Probe  
  30  2:47  Probe  
  31  2:53  Probe  
  31  2:55  Probe  
  33  2:58  Oracle  
  33  3:03  Probe  
  35  3:06  Probe  
  39  3:15  Probe  
  39  3:18  Probe  
  41  3:23  Pylon  
  41  3:25  Oracle  
  41  3:27  Probe  
  41  3:30  Probe  
  41  3:32  Pylon  
  46  3:41  Probe  
  46  3:42  Probe  
  46  3:45  Shield Battery  
  47  3:53  Probe  
  47  3:54  Probe  
  48  4:00  Gateway x2  
  48  4:04  Assimilator  
  48  4:05  Probe  
  48  4:06  Assimilator  
  48  4:07  Probe  
  50  4:10  Robotics Facility  
  50  4:18  Probe  
  50  4:19  Probe  
  52  4:26  Stalker  
  52  4:30  Probe  
  53  4:31  Probe  
  54  4:42  Probe  
  54  4:43  Probe  
  56  4:50  Twilight Council  
  56  4:52  Forge  
  56  5:00  Observer  
  56  5:01  Pylon  
  56  5:06  Stalker x2  
  60  5:08  Sentry  
  60  5:16  Nexus  
  60  5:19  Gateway  
  60  5:20  Gateway  
  60  5:22  Gateway  
  60  5:24  Pylon  
  60  5:25  Observer  
  60  5:32  Protoss Ground Weapons Level 1  
  60  5:33  Blink  
  60  5:34  Probe x2  
  63  5:40  Immortal  
  63  5:41  Pylon  
  63  5:46  Probe x2  
  63  5:47  Pylon  
  65  5:52  Sentry  
  71  5:57  Probe  
  71  5:58  Probe  
  71  5:59  Shield Battery  
  73  6:05  Photon Cannon, Probe  
  73  6:10  Probe, Sentry x2  
  79  6:13  Probe  
  80  6:20  Immortal  
  80  6:23  Probe  
  80  6:24  Probe  
  82  6:29  Probe  
  87  6:35  Probe  
  87  6:37  Probe  
  89  6:41  Probe  
  89  6:42  Assimilator  
  89  6:44  Shield Battery  
  91  6:47  Photon Cannon, Probe, Assimilator  
  91  6:50  Photon Cannon  
  91  6:52  Shield Battery  
  91  6:57  Sentry  
  91  6:58  Observer, Sentry x2  
  97  7:04  Observer  
  97  7:05  Pylon  
  97  7:07  Pylon  
  98  7:11  Photon Cannon  
  98  7:13  Probe x3  
  101  7:24  Stalker x6  
  101  7:26  Observer  
  114  7:37  Probe x3  
  114  7:39  Pylon  
  114  7:41  Pylon x2  
  117  7:45  Robotics Facility  
  117  7:46  Robotics Bay  
  117  7:51  Observer  
  117  7:55  Protoss Ground Weapons Level 2  
  117  7:56  Forge  
  118  8:08  Photon Cannon  
  118  8:13  Stalker x5  
  118  8:17  Photon Cannon  
  118  8:18  Photon Cannon, Stalker  
  130  8:23  Disruptor x2  
  130  8:24  Photon Cannon  
  130  8:26  Photon Cannon  
  130  8:28  Shield Battery  
  130  8:29  Shield Battery  
  136  8:41  Shield Battery x2  
  136  8:46  Sentry x2  
  140  9:05  Zealot x4  
  140  9:09  Charge  
  148  9:16  Gateway x2  
  148  9:19  Gateway  
  148  9:21  Gateway  
  148  9:27  Pylon  
  148  9:28  Pylon x2  
  148  9:35  Disruptor x2  
  154  10:02  Stalker x4  
  154  10:03  Stalker x2  
  158  10:20  Pylon  
  152  10:22  Pylon  
  152  10:23  Pylon x2  
  143  10:31  Stalker x7  
  131  10:43  Stalker x2  
  141  10:54  Stalker x2  
  141  10:55  Stalker x2  
  121  11:23  Stalker x3  
  121  11:24  Stalker x4  
  129  11:27  Pylon  
  93  11:48  Stalker x4  
  93  11:49  Stalker x3  
  95  12:12  Stalker x7  
Show
View Real Time Build Order
Export as new Build Order

SuperNova Terran 

Build Orders:  

Get SALT Encoding   

  12  0:01  SCV  
  13  0:13  SCV  
  14  0:17  Supply Depot  
  14  0:25  SCV  
  15  0:38  SCV  
  15  0:41  Barracks  
  16  0:44  Refinery  
  16  0:50  SCV  
  17  1:03  SCV  
  18  1:15  SCV  
  19  1:28  Marine, Orbital Command  
  20  1:43  Command Center  
  20  1:48  Barracks Reactor  
  20  1:57  Supply Depot  
  20  1:58  SCV  
  21  2:10  Factory  
  21  2:15  SCV  
  22  2:24  Bunker, Marine x2  
  22  2:27  SCV  
  25  2:39  SCV  
  25  2:42  Marine x2  
  28  2:51  SCV  
  28  2:58  Refinery  
  29  2:59  Orbital Command  
  29  3:04  Marine x2  
  31  3:08  Hellion  
  31  3:09  SCV  
  34  3:21  SCV  
  34  3:22  Marine x2  
  34  3:26  SCV  
  38  3:30  Hellion  
  40  3:34  Barracks, SCV  
  40  3:39  SCV  
  42  3:46  SCV  
  43  3:51  Widow Mine  
  43  3:52  SCV  
  42  3:56  Marine x2  
  42  3:58  SCV  
  42  3:59  Supply Depot  
  42  4:00  Barracks  
  45  4:07  SCV, Engineering Bay  
  46  4:21  Supply Depot, Marine x2, SCV, Widow Mine  
  51  4:26  SCV  
  51  4:28  Refinery, Supply Depot  
  51  4:29  Barracks Tech Lab  
  50  4:34  Starport  
  50  4:35  SCV  
  49  4:38  Marine  
  49  4:43  SCV  
  50  4:46  Widow Mine  
  50  4:49  SCV  
  50  4:50  Barracks Tech Lab  
  50  4:52  Stimpack, Marine  
  53  4:54  Terran Infantry Weapons Level 1  
  53  4:56  SCV  
  55  5:01  Marine, SCV  
  55  5:02  Marine  
  56  5:08  SCV  
  56  5:13  SCV  
  56  5:14  Combat Shield  
  56  5:17  Marauder  
  56  5:20  Marauder, SCV  
  61  5:24  Marine x2  
  61  5:25  SCV  
  62  5:32  SCV  
  63  5:35  Missile Turret  
  63  5:37  SCV  
  63  5:38  Starport Reactor  
  64  5:45  SCV  
  64  5:49  Command Center  
  66  5:50  SCV  
  66  5:51  Supply Depot  
  66  5:54  Marauder x2  
  70  6:07  Supply Depot  
  70  6:12  Marine x2, SCV x2  
  70  6:13  Supply Depot  
  70  6:17  Medivac x2  
  70  6:18  Supply Depot  
  77  6:20  Marauder  
  77  6:22  Marine  
  77  6:24  SCV  
  77  6:26  SCV  
  77  6:31  Marine  
  77  6:32  Marine  
  79  6:37  SCV  
  79  6:38  SCV  
  79  6:39  Concussive Shells  
  80  6:43  Missile Turret  
  80  6:49  SCV  
  80  6:50  SCV  
  80  6:53  Barracks x2, Medivac  
  84  6:55  Medivac  
  84  6:58  Factory Reactor  
  84  7:00  Marauder  
  88  7:02  Marine, Marauder  
  88  7:03  Marine  
  88  7:08  SCV x2  
  94  7:16  Supply Depot  
  94  7:17  Supply Depot  
  94  7:23  Marauder  
  94  7:26  Marine x2, Orbital Command  
  94  7:27  Marauder  
  99  7:30  Terran Infantry Armor Level 1  
  99  7:32  Medivac x2  
  103  7:38  Widow Mine x2  
  103  7:42  Supply Depot  
  107  7:45  Barracks Reactor, Marauder  
  107  7:46  Barracks Tech Lab  
  107  7:48  Marine x2  
  109  7:53  Marauder  
  111  8:00  Widow Mine x2  
  111  8:02  Medivac  
  111  8:03  Medivac  
  119  8:05  Marine  
  119  8:07  Marauder  
  119  8:08  Marine  
  122  8:19  Marine  
  125  8:20  Marauder  
  125  8:22  Widow Mine  
  125  8:23  Marine  
  125  8:25  Widow Mine  
  125  8:26  Marine  
  131  8:33  Medivac  
  133  8:38  Marine  
  133  8:43  Widow Mine  
  133  8:45  Marauder, Marine  
  133  8:46  Widow Mine  
  137  8:57  Marauder  
  136  9:04  Marine, Widow Mine  
  141  9:16  Widow Mine  
  141  9:21  Supply Depot  
  141  9:42  Marauder, Marine x5  
  148  9:48  Marauder  
  142  10:00  Marauder, Marine x2  
  139  10:09  Marauder  
  128  10:18  Marine x2, Marauder  
  128  10:19  Marine  
  128  10:20  Marine  
  126  10:22  Marauder  
  121  10:29  Marine  
  114  10:36  Marine  
  109  10:43  Marauder  
  109  10:45  Marine  
  111  10:50  Marine  
  111  10:55  Marauder  
  109  11:03  Marauder, Marine x2  
  105  11:13  Marine x2  
  105  11:14  Marine  
  105  11:15  Marine  
  103  11:25  Marauder, Marine x2  
  102  11:31  Marine x2  
  103  11:34  Marauder  
  103  11:37  Marine  
  100  11:44  Marine  
  91  11:47  Marauder  
  82  11:55  Marauder  
  82  11:57  Marine  
Tags
 
Add a new tag
Caveats
  • Supply blocks, unpowered buildings, or Contaminate may cause inaccurate times.
  • Supply counts are checked every 10 seconds.